 Dungeon Crawl Stone Soup version 0.30.0-5-g1a98f26d00 (webtiles) character file.

Game seed: 2402077371234228651

3854 Jase the Cleaver (level 10, -7/91 HPs)
             Began as a Hill Orc Fighter on May 8, 2023.
             Was a Follower of Qazlal.
             Mangled by Erica
             ... wielding a +0 scimitar of flaming
              (14 damage)
             ... on level 8 of the Dungeon.
             The game lasted 00:14:35 (5949 turns).

Jase the Cleaver (Hill Orc Fighter)                 Turns: 5949, Time: 00:14:35

Health: -7/91      AC: 14    Str: 24    XL:     10   Next: 18%
Magic:  10/10      EV: 13    Int:  8    God:    Qazlal [*.....]
Gold:   278        SH:  2    Dex: 10    Spells: 9/9 levels left

rFire   . . .        a - +3 battleaxe
rCold   . . .        (shield currently unavailable)
rNeg    + . .        g - +0 chain mail
rPois   .            (no helmet)
rElec   .            (no cloak)
rCorr   .            F - +2 pair of gloves
SInv    .            (no boots)
Will    .....        r - amulet of faith Stlth
                     q - ring of positive energy
HPRegen 0.35/turn    A - +5 ring of evasion
MPRegen 0.12/turn

%: faith
@: flying
A: no striking features
a: Renounce Religion


You were on level 8 of the Dungeon.
You worshipped Qazlal.
Qazlal was aware of your devotion.
You visited 2 branches of the dungeon, and saw 9 of its levels.

You collected 278 gold pieces.

Inventory:

Hand Weapons
 a - a +3 battleaxe (weapon)
 o - a +2 whip of venom
Missiles
 d - 2 javelins
 l - 20 poisoned darts (quivered)
Armour
 g - a +0 chain mail (worn)
 F - a +2 pair of gloves (worn)
Jewellery
 q - a ring of positive energy (left hand)
 r - an amulet of faith (around neck)
 x - an amulet of regeneration
 A - a +5 ring of evasion (right hand)
 H - a ring of fire
 I - a ring of positive energy
Scrolls
 b - 2 scrolls of noise {unknown}
 c - 2 scrolls of poison {unknown}
 h - a scroll of brand weapon {unknown}
 k - 3 scrolls of vulnerability {unknown}
 n - a scroll of amnesia {unknown}
 t - 3 scrolls of teleportation {unknown}
 u - a scroll of summoning {unknown}
 v - 3 scrolls of blinking {unknown}
 w - 2 scrolls of torment {unknown}
 y - 2 scrolls of magic mapping {unknown}
 B - a scroll of immolation {unknown}
 C - 2 scrolls of fog {unknown}
Potions
 f - 2 potions of heal wounds {unknown}
 i - a potion of haste
 m - 2 potions of brilliance {unknown}
 p - 2 potions of resistance {unknown}
 s - a potion of attraction {unknown}
 z - 4 potions of flight
 E - a potion of magic
 G - a potion of cancellation {unknown}


   Skills:
 + Level 9.4 Fighting
 * Level 13.3 Axes
 + Level 8.5 Armour
 - Level 3.2 Shields
 + Level 0.0 Invocations


You had 9 spell levels left.
You didn't know any spells.
Your spell library contained the following spells:

 Spells                   Type           Power      Damage    Failure   Level
 Freeze                   Ice            0%         1d3       89%         1
 Magic Dart               Conj           0%         1d3       89%         1
 Slow                     Hex            0%         N/A       89%         1
 Sting                    Tmut/Pois      0%         1d3       89%         1
 Ensorcelled Hibernation  Hex/Ice        0%         N/A       96%         2
 Passwall                 Tmut/Erth      0%         N/A       96%         2
 Poisonous Vapours        Pois/Air       0%         N/A       96%         2
 Hailstorm                Conj/Ice       0%         3d3       99%         3
 Stone Arrow              Conj/Erth      0%         3d7       99%         3
 Swiftness                Air            0%         N/A       99%         3
 Tukima's Dance           Hex            0%         N/A       99%         3
 Animate Armour           Summ/Erth      0%         N/A       100%        4
 Fulminant Prism          Conj/Hex       0%         3d5       100%        4
 Olgreb's Toxic Radiance  Pois           0%         N/A       100%        4
 Summon Ice Beast         Ice/Summ       0%         N/A       100%        4
 Freezing Cloud           Conj/Ice/Air   0%         6-21      100%        5
 Metabolic Englaciation   Hex/Ice        0%         N/A       100%        5
 Spellforged Servitor     Conj/Summ      0%         N/A       100%        7
 Lehudib's Crystal Spear  Conj/Erth      0%         10d2      100%        8
 Chain Lightning          Conj/Air       0%         N/A       100%        9


Dungeon Overview and Level Annotations

Branches:
Dungeon (8/15)             Temple (1/1) D:6
   Lair: D:8-11

Altars:
Ashenzari
Dithmenos
Elyvilon
Gozag
Kikubaaqudgha
Makhleb
Qazlal
Uskayaw
Vehumet
Xom
Yredelemnul
Zin
The Shining One

Portals:
Bailey: D:8

Annotations:
D:8 2 exclusions, Erica


Message History

You hear some strange, mumbled words.
You are more confused.
Okay, then.
You feel sick.
You hear some strange, mumbled words.
A bolt of poison appears from out of thin air!
The bolt of poison hits you!
You are more poisoned.
You bump into the rock wall.
You feel very sick. Something hits you but does no damage.
You feel very sick. Something hits you but does no damage.
You see here an amulet of the acrobat.
You feel better.
You hear some strange, mumbled words.
You are confused.
You miss something. Something hits you! Something burns you!
* * * LOW HITPOINT WARNING * * *
You miss something. Something hits you.
* * * LOW HITPOINT WARNING * * *
Something burns you.
* * * LOW HITPOINT WARNING * * *
You're too confused to move!
Something hits you.
* * * LOW HITPOINT WARNING * * *
Something burns you.
* * * LOW HITPOINT WARNING * * *
It was a potion of flight.
You feel very buoyant.
You fly up into the air.
You feel less confused. Something hits you.
* * * LOW HITPOINT WARNING * * *
Something burns you.
* * * LOW HITPOINT WARNING * * *
Unknown command.
Okay, then.
You completely miss something. Something hits you but does no damage.
You closely miss something. Something hits you!
You die...

...#...... ..
.....)..#.. .#.)∩).#.
...).$. ..... ... #.#
.# .######.#####..##
...<....{@....... #.#
.#######.○..#.### #.#
#...#...#. #.#
#.....#..#.####.#
#...##..........#
#####...# ..........#
........##..........#
####.....##########.##
##
##................####.


There were no monsters in sight!

Vanquished Creatures
  A two-headed ogre (D:5)
  Joseph (D:8)
  A hornet (D:7)
  Grinder (D:4)
  A steam dragon (D:7)
  A water moccasin (D:7)
  A sky beast (D:7)
  2 ice beasts
  3 black bears
  A phantom (D:7)
  A kobold brigand (D:6)
  3 bullfrogs
  4 scorpions
  7 wights
  6 killer bees (D:7)
  3 hounds
  2 jellies
  A gnoll bouda (D:5)
  2 orc priests
  3 iguanas (D:5)
  A sleepcap (D:7)
  6 gnolls
  8 adders
  A shadow imp (D:5)
  3 white imps
  3 worms
  2 dart slugs
  10 orcs
  4 endoplasms
  A giant cockroach (D:1)
  5 goblins
  4 hobgoblins
  8 jackals
  3 quokkas
  6 ball pythons
  5 bats
  4 frilled lizards
  13 kobolds
  6 rats
138 creatures vanquished.

Notes
Turn   | Place    | Note
-------+----------+-------------------------------------------
     0 | D:1      | Jase the Hill Orc Fighter began the quest for the Orb.
     0 | D:1      | Reached XP level 1. HP: 19/19 MP: 1/1
   155 | D:1      | Reached skill level 3 in Axes
   203 | D:1      | Reached XP level 2. HP: 27/27 MP: 2/2
   427 | D:1      | Got the Grimoire of the Charming Retinue
   611 | D:1      | Reached XP level 3. HP: 30/33 MP: 3/3
   787 | D:2      | Found a broken altar of Ashenzari.
   833 | D:2      | Reached skill level 4 in Axes
  1457 | D:2      | Reached XP level 4. HP: 40/40 MP: 4/4
  2427 | D:4      | Found a white marble altar of Elyvilon.
  2500 | D:4      | Noticed Grinder
  2520 | D:4      | Killed Grinder
  2521 | D:4      | Reached skill level 5 in Fighting
  2521 | D:4      | Reached skill level 6 in Axes
  2521 | D:4      | Reached XP level 5. HP: 43/48 MP: 5/5
  2521 | D:4      | Reached XP level 6. HP: 51/56 MP: 6/6
  3132 | D:4      | Got Kado's Incunabulum of the Winter and Maleficia
  3211 | D:5      | Entered Level 5 of the Dungeon
  3241 | D:5      | Reached skill level 7 in Axes
  3241 | D:5      | Reached skill level 5 in Armour
  3242 | D:5      | Reached XP level 7. HP: 58/61 MP: 7/7
  3257 | D:5      | Noticed a two-headed ogre
  3278 | D:5      | HP: 2/61 [two-headed ogre/+0 giant spiked club (5)]
  3279 | D:5      | Killed a two-headed ogre
  3280 | D:5      | Reached skill level 9 in Axes
  3280 | D:5      | Reached XP level 8. HP: 4/71 MP: 8/8
  3673 | D:6      | Reached skill level 10 in Axes
  3848 | D:6      | Found a staircase to the Ecumenical Temple.
  3886 | Temple   | Entered the Ecumenical Temple
  3894 | Temple   | Reached XP level 9. HP: 75/79 MP: 9/9
  4013 | Temple   | Became a worshipper of Qazlal Stormbringer
  4088 | D:6      | Got the Directory of the Missiles
  4370 | D:7      | Noticed a hornet
  4382 | D:7      | Killed a hornet
  4383 | D:7      | Reached skill level 11 in Axes
  4863 | D:7      | Reached skill level 12 in Axes
  5010 | D:7      | Reached * piety under Qazlal
  5733 | D:7      | Reached XP level 10. HP: 91/91 MP: 10/10
  5848 | D:8      | Reached skill level 13 in Axes
  5866 | D:8      | Noticed Joseph
  5881 | D:8      | Killed Joseph
  5918 | D:8      | Found a flagged portal.
  5922 | D:8      | Noticed Erica
  5949 | D:8      | Mangled by Erica

Illustrated notes

Levels and vault maps discovered:
D:1:      wander_arrival_desolate, layout_basic
D:2:      layout_loops_ring, basic_altar
D:3:      layout_loops_ring, dreamdust_princess_corridor
D:4:      layout_basic, mainiacjoe_overflow_catwalk, uniq_grinder
D:5:      layout_basic
D:6:      layout_basic, minmay_temple_entry_arrows
D:7:      layout_basic, corexii_leaking_fountain
D:8:      layout_rooms, enter_bailey_2, uniq_erica, uniq_joseph
Temple:   mainiacjoe_temple_trianglar_array

Skill      XL: |  1  2  3  4  5  6  7  8  9 10 |
---------------+-------------------------------+-----
Axes           | 3 4 6 7 9 10 12 13 | 13.3
Fighting       | 4 5 6 7 9 |  9.4
Armour         | 4 5 6 8 |  8.5
Shields        | |  3.2

Action                     |  1- 3 |  4- 6 |  7- 9 | 10-12 || total
---------------------------+-------+-------+-------+-------++-------
  Melee: War axe           |   113 |    98 |   214 |       ||   425
         Battleaxe         |       |       |    36 |    21 ||    57
  Throw: Dart              |       |       |     4 |       ||     4
    Use: Potion            |       |       |     1 |     2 ||     3
         Scroll            |       |       |       |     4 ||     4
 Armour: Scale mail        |     8 |       |       |       ||     8
         Chain mail        |    51 |    46 |   112 |     6 ||   215
  Dodge: Dodged            |    36 |    47 |   159 |     6 ||   248
  Block: Buckler           |    32 |    25 |    45 |       ||   102
         Other             |       |       |     1 |       ||     1
